 Dungeon Crawl Stone Soup version 0.16-a0-3308-g116f5c4 (webtiles) character file.

26 PolkaDot the Caller (level 2, -1/23 HPs)
             Began as a Vampire Summoner on Dec 26, 2014.
             Slain by a worm (10 damage)
             ... on level 2 of the Dungeon.
             The game lasted 00:03:05 (1535 turns).

PolkaDot the Caller (Vampire Summoner)              Turns: 1535, Time: 00:03:05

Health: -1/23      AC:  3    Str:  7    XL:     2   Next: 89%
Magic:  4/4        EV: 12    Int: 17    God:
Gold:   32         SH:  0    Dex: 14    Spells: 2 memorised, 2 levels left

rFire  . . .     SeeInvis +     j - +0 dagger (venom)
rCold  . . .     Clarity  .     a - +0 robe
rNeg   . . .     SustAb   .     (no shield)
rPois  .         Gourm    .     h - +1 hat
rElec  .         Spirit   .     (no cloak)
rCorr  .         Warding  .     (no gloves)
rMut   +         Stasis   .     (no boots)
MR     .....                    k - amulet of resist mutation
Stlth  ++........               (no ring)
                                d - ring of wizardry

@: regenerating quickly, not resistant to hostile enchantments, unstealthy
A: bottle blood, fangs 3, see invisible, unbreathing
a: no special abilities


You were on level 2 of the Dungeon.
You were full.

You visited 1 branch of the dungeon, and saw 2 of its levels.

You collected 32 gold pieces.

Inventory:

Hand weapons
 j - a +0 dagger of venom (weapon)
Armour
 a - a +0 robe (worn)
 h - a +1 hat (worn)
Jewellery
 d - a ring of wizardry (left hand)
 k - an amulet of resist mutation (around neck)
Scrolls
 c - a scroll of identify {unknown}
 f - 2 scrolls of remove curse {unknown}
 g - a scroll of magic mapping {unknown}
 i - a scroll of amnesia {unknown}
 m - 2 scrolls of random uselessness {unknown}
Potions
 e - a potion of heal wounds {unknown}
 l - 2 potions of curing {unknown}
Books
 b - a book of Callings

   Spells                             Type                      Level
   a - Summon Small Mammal            Summoning                    1
   b - Call Imp                       Summoning                    2
   c - Call Canine Familiar           Summoning                    3
   d - Summon Guardian Golem          Hexes/Summoning              4
   e - Summon Lightning Spire         Summoning/Air                4
   f - Summon Ice Beast               Ice/Summoning                4


   Skills:
 * Level 2.3 Fighting
 - Level 2.1 Dodging
 - Level 3.0 Stealth
 - Level 2.0 Spellcasting
 - Level 4.0 Summonings


You had 2 spell levels left.
You knew the following spells:

 Your Spells              Type           Power        Failure   Level  Hunger
s - Call Imp              Summ           ###.....     2%          2    ###....
z - Summon Small Mammal   Summ           ###.         1%          1    #......


Dungeon Overview and Level Annotations

Branches:
Dungeon (2/15)

Altars:


Innate Abilities, Weirdness & Mutations

Your natural rate of healing is unusually fast.
You can bottle blood from corpses.
You have razor-sharp teeth.
You have supernaturally acute eyesight.
You can survive without breathing.


Message History

You see here a dagger.
A worm comes into view.
The worm bites you!
* * * LOW HITPOINT WARNING * * *
You are too injured to fight recklessly!
You are too injured to fight recklessly!
You hit the worm but do no damage.
The worm is poisoned.
You hit the worm but do no damage.
The worm is lightly wounded.
The worm bites you!
* * * LOW HITPOINT WARNING * * *
The worm looks more healthy.
Unknown command.
You hit the worm.
The worm is poisoned.
The worm is moderately wounded.
The worm bites you but does no damage.
You hit the worm.
The worm is heavily wounded.
The worm bites you!
You die...

#+# ... #.# #.#
...#####.######+##
.......#.........#
##..##...........#
.$.......@........#
###..#..w........#
#...............#
#.#.............#
#.............########
#....)######'#........
#.##....# #.#.#######
#.......# #.#<.......
##......# #.#.#.#####


You could see a worm.

Vanquished Creatures
  An adder (D:1)
  An ooze (D:1)
  A bat (D:1)
  A giant cockroach (D:2)
  A hobgoblin (D:1)
  3 jackals (D:1)
  5 kobolds (D:1)
  A goblin (D:1)
  3 rats (D:1)
17 creatures vanquished.

Notes
Turn   | Place    | Note
--------------------------------------------------------------
     0 | D:1      | PolkaDot, the Vampire Summoner, began the quest for the Orb.
     0 | D:1      | Reached XP level 1. HP: 13/13 MP: 3/3
   370 | D:1      | Reached skill level 1 in Fighting
   892 | D:1      | Reached XP level 2. HP: 21/21 MP: 4/4
  1051 | D:1      | Learned a level 2 spell: Call Imp
  1535 | D:2      | Slain by a worm

Action                   || total
-------------------------++-------
Melee: Short sword       ||    27
       Dagger            ||    50
  Use: Potion            ||     1
 Stab: Sleeping          ||     3
  Eat: Corpse            ||     6
